 Dungeon Crawl Stone Soup version 0.29-a0-575-g0dc89cf053 (webtiles) character file.

Game seed: 10772347916690721304

467 KristoblXynda the Slasher (level 6, -16/53 HPs)
             Began as a Draconian Gladiator on June 13, 2022.
             Killed from afar by Dowan (25 damage)
             ... with a shard of ice
             ... on level 4 of the Dungeon.
             The game lasted 00:03:00 (3822 turns).

KristoblXynda the Slasher (Draconian Gladiator)     Turns: 3822, Time: 00:03:01

Health: -16/53     AC: 11    Str: 19    XL:     6   Next: 81%
Magic:  6/6        EV: 13    Int:  8    God:
Gold:   138        SH:  0    Dex: 12    Spells: 5/5 levels left

rFire   . . .      SeeInvis .   a - +1 long sword
rCold   . . .      Faith    .   (no shield)
rNeg    . . .      Spirit   .   (body armour unavailable)
rPois   .          Reflect  .   b - +0 hat
rElec   .          Harm     .   (no cloak)
rCorr   .          Rampage  .   q - +0 pair of gloves
Will    .....                   (no boots)
Stlth   +.........              (no amulet)
HPRegen 0.17/turn               l - +4 ring of protection
MPRegen 0.10/turn               (no ring)

@: no status effects
A: AC +6, unfitting armour, cold-blooded
a: no special abilities


You were on level 4 of the Dungeon.
You visited 1 branch of the dungeon, and saw 4 of its levels.

You collected 138 gold pieces.

Inventory:

Hand Weapons
 a - a +1 long sword (weapon)
Missiles
 d - 6 javelins (quivered)
Armour
 b - a +0 hat (worn)
 q - a +0 pair of gloves (worn)
Jewellery
 l - a +4 ring of protection (left hand)
 n - a +6 ring of intelligence
Scrolls
 g - a scroll of silence {unknown}
 k - a scroll of teleportation {unknown}
 o - 2 scrolls of enchant weapon
 s - a scroll of immolation {unknown}
Potions
 f - a potion of brilliance {unknown}
 h - 2 potions of ambrosia
 i - a potion of heal wounds {unknown}
 j - a potion of curing {unknown}
 m - a potion of degeneration {unknown}
 r - a potion of mutation {unknown}


   Skills:
 + Level 4.3 Fighting
 * Level 5.8 Long Blades
 - Level 2.0 Throwing
 + Level 4.2 Dodging


You had 5 spell levels left.
You didn't know any spells.
Your spell library contained the following spells:

 Spells                   Type           Power      Damage    Failure   Level
 Static Discharge         Conj/Air       0%         N/A       54%         2
 Lightning Bolt           Conj/Air       0%         1d11      100%        5
 Malign Gateway           Summ/Tloc      0%         N/A       100%        7
 Maxwell's Capacitive Co  Air            0%         ∞         100%        8
 Summon Horrible Things   Summ           0%         N/A       100%        8


Dungeon Overview and Level Annotations

Branches:
Dungeon (4/15)
 Temple: D:4-7

Altars:
Makhleb
Nemelex Xobeh

Annotations:
D:4 Dowan


Innate Abilities, Weirdness & Mutations

Your plain brown scales are hard. (AC +6)
You cannot fit into any form of body armour.
You are cold-blooded and may be slowed by cold attacks.


Message History

You slash the ufetubus!
You kill the ufetubus!
You closely miss Dowan. You tail-slap Dowan.
Dowan is lightly wounded.
Dowan seems to find hidden reserves of power!
Dowan misses you. Dowan casts a spell at you. The shard of ice misses you.
You closely miss Dowan.
Dowan is lightly wounded.
Dowan hits you but does no damage.
You closely miss Dowan.
Your tail-slap misses Dowan.
Dowan is lightly wounded.
Dowan misses you. Dowan hits you with a +0 dagger.
You closely miss Dowan.
Your tail-slap misses Dowan.
Dowan is lightly wounded.
Dowan barely misses you. Dowan misses you.
You hit Dowan.
Your tail-slap misses Dowan.
Dowan is lightly wounded.
Dowan points at you and mumbles some strange words.
The stone arrow hits you!
* * * LOW HITPOINT WARNING * * *
Dowan gestures at you while chanting. The stone arrow hits you.
* * * LOW HITPOINT WARNING * * *
Throw: 2 throwing nets
Press: ? - help, Q - select action, (/) - cycle Shift-Dir - straight line, f - Dowan
Aim: Dowan, wielding a +0 dagger and wearing a +0 robe (lightly wounded, fast, 50% to hit)
You throw a throwing net. The throwing net misses Dowan.
Dowan gestures at you while chanting. The shard of ice misses you.
Throw: throwing net
Press: ? - help, Q - select action, (/) - cycle Shift-Dir - straight line, f/p - Dowan
Aim: Dowan, wielding a +0 dagger and wearing a +0 robe (lightly wounded, fast, 50% to hit)
You throw a throwing net. The throwing net hits Dowan.
Dowan is caught in the net!
Dowan is lightly wounded.
Dowan points at you and mumbles some strange words.
The shard of ice hits you!!
You die...

#####.#..## #.....#
#....## #....##
##5g.g.#######
##.#.##.#<..#.###.
##.###.#.#.........
#e## ##e.5..e#.#(..
##@###.#†#>###.#.#.
##.#.##.#.# #.#.#
##..##.#.# #.#?#
##.##.#.# #...#
#.....g. ..###
####...# #.# #....
##


You could see Dowan (fast, caught).

Vanquished Creatures
  Sigmund (D:2)
  Duvessa (D:4)
  A scorpion (D:4)
  A howler monkey (D:3)
  An ufetubus (D:4)
  4 worms
  7 dart slugs
  An orc (D:3)
  4 ball pythons
  5 endoplasms
  3 giant cockroaches
  5 goblins
  7 jackals
  7 quokkas
  4 bats
  2 frilled lizards (D:2)
  6 kobolds
  2 rats
62 creatures vanquished.

Notes
Turn   | Place    | Note
-------+----------+-------------------------------------------
     0 | D:1      | KristoblXynda the Draconian Gladiator began the quest for
                  | the Orb.
     0 | D:1      | Reached XP level 1. HP: 17/17 MP: 1/1
    59 | D:1      | Found a faded altar of an unknown god.
   211 | D:1      | Reached XP level 2. HP: 25/25 MP: 2/2
   958 | D:2      | Reached XP level 3. HP: 27/30 MP: 3/3
  1650 | D:2      | Noticed Sigmund
  1660 | D:2      | Killed Sigmund
  1661 | D:2      | Reached skill level 4 in Long Blades
  1661 | D:2      | Reached XP level 4. HP: 26/40 MP: 4/4
  1661 | D:2      | Reached XP level 5. HP: 30/46 MP: 5/5
  2242 | D:3      | Reached skill level 5 in Long Blades
  2588 | D:3      | Found a sparkling altar of Nemelex Xobeh.
  2709 | D:3      | HP: 2/46 [poisoned by an orc]
  3273 | D:3      | Found a burning altar of Makhleb.
  3382 | D:3      | Reached XP level 6. HP: 33/52 MP: 6/6
  3767 | D:4      | Noticed Dowan
  3769 | D:4      | Noticed Duvessa
  3811 | D:4      | Killed Duvessa
  3822 | D:4      | Killed from afar by Dowan

Illustrated notes

Levels and vault maps discovered:
D:1:      dpeg_arrival_castle, layout_basic,
          hellmonk_ecumenical_altar_dog_temple
D:2:      layout_basic, uniq_sigmund
D:3:      layout_loops_ring, lightli_temple_of_fire, lemuel_round_altar
D:4:      minmay_chambers_of_threes, layout_loops_ring, ebering_ghost_sewer_f,
          serial_glass, glass_columns_a, glass_columns_b, glass_columns_a,
          glass_columns_a, glass_columns_a, glass_columns_a, glass_columns_a,
          glass_columns_a, grunt_decor_clamped, grunt_ministairs_8, uniq_duvessa

Skill      XL: |  1  2  3  4  5  6 |
---------------+-------------------+-----
Throwing       | 2 |  2.0
Dodging        | 3 4 |  4.2
Fighting       | 3 4 |  4.3
Long Blades    | 4 5 |  5.8

Action                   |  1- 3 |  4- 6 || total
-------------------------+-------+-------++-------
Melee: Long sword        |   100 |   130 ||   230
       Tailslap          |    19 |    17 ||    36
       Punch             |     1 |       ||     1
Throw: Throwing net      |       |     3 ||     3
  Use: Scroll            |       |     4 ||     4
 Stab: Sleeping          |       |     1 ||     1
       Held in net/web   |       |     1 ||     1
Armor: Skin              |    25 |    46 ||    71
Dodge: Dodged            |    73 |    92 ||   165

Table legend: (Time is in decaauts)
 A = Elapsed time spent in this place.
 B = Non-inter-level travel time spent in this place.
 C = Inter-level travel time spent in this place.
 D = Time resting spent in this place.
 E = Time spent auto-exploring this place.
 F = Levels seen in this place.
 G = Mean time per level.
                   A        B        C        D        E       F      G
               +--------+--------+--------+--------+--------+-----+--------+
         Total |   3867 |   3789 |     78 |    663 |   2498 |   4 |  966.8 |
       Dungeon |   3867 |   3789 |     78 |    663 |   2498 |   4 |  966.8 |
               +--------+--------+--------+--------+--------+-----+--------+

Top non-repeatable levels by time:
     D:2: 1493 daAuts
     D:3: 1182 daAuts
     D:1: 960 daAuts
     D:4: 231 daAuts
